 Dungeon Crawl Stone Soup version 0.25.1-2-g60ff931df9 (webtiles) character file.

Game seed: 16884731827706478029

506 raphialitos the Insei (level 7, -4/62 HPs)
             Began as a Gnoll Transmuter on Oct 14, 2020.
             Was a Follower of Sif Muna.
             Slain by an orc priest
             ... wielding a +0 hand axe
              (6 damage)
             ... on level 5 of the Dungeon.
             The game lasted 00:16:27 (6119 turns).

raphialitos the Insei (Gnoll Transmuter)            Turns: 6119, Time: 00:16:28

Health: -4/62      AC:  6    Str: 13    XL:     7   Next: 18%
Magic:  12/15      EV: 13    Int: 17    God:    Sif Muna [*.....]
Gold:   194        SH:  0    Dex: 15    Spells: 2/17 levels left

rFire    x x .     SeeInvis .     - Unarmed
rCold    + + +     Gourm    .   (shield currently unavailable)
rNeg     . . .     Faith    .   (armour currently unavailable)
rPois    +         Spirit   .   (helmet currently unavailable)
rElec    .         Reflect  .   (cloak currently unavailable)
rCorr    .         Harm     .   (gloves currently unavailable)
MR       .....                  (boots currently unavailable)
Stlth    ++........             (no amulet)
HPRegen  0.20/turn              k - ring of ice
MPRegen  0.14/turn              (no ring)

@: ice-form
A: large, distributed training, strong nose
a: End Transformation, Channel Magic, Renounce Religion


You were on level 5 of the Dungeon.
You worshipped Sif Muna.
Sif Muna was aware of your devotion.
You were not hungry.
You were a creature of crystalline ice.
You visited 2 branches of the dungeon, and saw 6 of its levels.

You collected 194 gold pieces.

Inventory:

Hand Weapons
 r - a +0 short sword of speed (melded)
Missiles
 a - 117 arrows
 e - 10 boomerangs (quivered)
 j - 48 sling bullets
Armour
 b - a +0 robe
 h - a +0 pair of gloves (melded)
 p - a +0 leather armour (melded)
 q - a +0 cloak (melded)
Jewellery
 k - a ring of ice (left front paw)
Scrolls
 c - 3 scrolls of remove curse
 f - 2 scrolls of fog
 g - 6 scrolls of identify
Potions
 i - a potion of magic
 l - a potion of haste
 m - 3 potions of curing
 n - 2 potions of brilliance
 o - 2 potions of heal wounds {unknown}
 s - a potion of stabbing {unknown}
 t - a potion of mutation {unknown}
 u - 2 potions of degeneration {unknown}
Comestibles
 d - 7 rations
 v - a chunk of flesh


   Skills:
 + Level 3.4 Fighting
 + Level 2.2 Short Blades
 + Level 2.2 Long Blades
 + Level 2.2 Axes
 + Level 2.2 Maces & Flails
 + Level 2.2 Polearms
 + Level 2.2 Staves
 + Level 2.2 Slings
 + Level 2.2 Bows
 + Level 2.2 Crossbows
 + Level 2.2 Throwing
 + Level 2.2 Armour
 + Level 5.1 Dodging
 + Level 2.2 Stealth
 + Level 2.2 Shields
 + Level 6.9 Unarmed Combat
 + Level 5.5 Spellcasting
 + Level 1.8 Conjurations
 + Level 1.8 Hexes
 + Level 1.8 Charms
 + Level 1.8 Summonings
 + Level 1.8 Necromancy
 + Level 1.8 Translocations
 + Level 4.2 Transmutations
 + Level 1.8 Fire Magic
 + Level 1.8 Ice Magic
 + Level 1.8 Air Magic
 + Level 1.8 Earth Magic
 + Level 1.8 Poison Magic
 + Level 2.5 Invocations
 + Level 2.2 Evocations


You had 2 spell levels left.
You knew the following spells:

 Your Spells              Type           Power        Failure   Level  Hunger
a - Beastly Appendage     Tmut           ###...       2%          1    None
b - Sticks to Snakes      Tmut           ###.....     3%          2    #......
c - Spider Form           Tmut/Pois      ###.......   12%         3    ##.....
d - Ice Form              Ice/Tmut       ###.....     36%         4    ####...
e - Blade Hands           Tmut           ###.......   54%         5    ######.

Your spell library contained the following spells:

 Spells                   Type           Power        Failure   Level  Hunger


Dungeon Overview and Level Annotations

Branches:
Dungeon (5/15)             Temple (1/1) D:4

Altars:
Ashenzari
Cheibriados
Dithmenos
Elyvilon
Gozag
Hepliaklqana
Kikubaaqudgha
Makhleb
Nemelex Xobeh
Okawaru
Qazlal
Sif Muna
Trog
Uskayaw
Vehumet
Wu Jian
Xom
Zin
The Shining One

Shops:
D:4 [


Innate Abilities, Weirdness & Mutations

Your experience applies equally to all skills.
((You have very sharp teeth.))
Your uncanny sense of smell can sniff out nearby items.


Message History

Sif Muna accepts your kill. The orc barely misses you.
The orc priest misses you.
The orc priest invokes the aid of Beogh against you.
Beogh smites you!
* * * LOW HITPOINT WARNING * * *
You feel better. The orc hits you with a +0 hand axe.
* * * LOW HITPOINT WARNING * * *
The orc priest barely misses you. The orc priest misses you.
You hit the orc priest. You freeze the orc priest.
The orc priest is lightly wounded.
The orc hits you with a +0 hand axe.
* * * LOW HITPOINT WARNING * * *
The orc priest misses you. The orc priest barely misses you.
You punch the orc priest! You freeze the orc priest.
The orc priest is severely wounded.
The orc hits you with a +0 hand axe.
* * * LOW HITPOINT WARNING * * *
The orc priest begins to cast a cantrip, but forgets the words!
The orc priest hits you with a +0 hand axe.
You die...

...#..#
#......#.#.......#
##....#
###.....##...##.####∆
.####.#
#..<..............
.#....#
#.###...##...##.###
.#.####
#.#.............#
.#.#
#...###.###.....# ∆
##.#
#######.####.....
...# #.......# ####
#..oY...# #...o)..#
#....o......
#.......###.
#.......# #.......#
#.......# #.......#


You could see 2 orc priests and an orc.

Vanquished Creatures
  An ogre (D:4)
  A bullfrog skeleton (D:5)
  4 orc priests
  A hound (D:4)
  An orc wizard (D:4)
  Jessica (D:2)
  5 gnolls
  6 adders
  A dart slug (D:1)
  2 leopard geckos (D:1)
  11 orcs
  3 giant cockroaches
  5 goblins
  8 hobgoblins
  8 jackals
  A quokka (D:2)
  9 bats
  4 frilled lizards
  3 kobolds
  A leopard gecko skeleton (D:5)
  9 rats
85 creatures vanquished.

Vanquished Creatures (collateral kills)
  2 bats (D:2)
2 creatures vanquished.

Grand Total: 87 creatures vanquished

Notes
Turn   | Place    | Note
-------+----------+-------------------------------------------
     0 | D:1      | raphialitos the Gnoll Transmuter began the quest for the
                  | Orb.
     0 | D:1      | Reached XP level 1. HP: 17/17 MP: 6/6
   272 | D:1      | Reached XP level 2. HP: 6/23 MP: 7/7
   738 | D:1      | Learned a level 2 spell: Sticks to Snakes
   853 | D:1      | Reached skill level 5 in Spellcasting
   853 | D:1      | Reached XP level 3. HP: 6/28 MP: 7/9
  1671 | D:1      | Reached skill level 1 in Invocations
  1884 | D:1      | Learned a level 3 spell: Spider Form
  2043 | D:2      | Reached skill level 1 in Short Blades
  2043 | D:2      | Reached skill level 1 in Long Blades
  2043 | D:2      | Reached skill level 1 in Axes
  2043 | D:2      | Reached skill level 1 in Maces & Flails
  2043 | D:2      | Reached skill level 1 in Polearms
  2043 | D:2      | Reached skill level 1 in Staves
  2043 | D:2      | Reached skill level 1 in Slings
  2043 | D:2      | Reached skill level 1 in Bows
  2043 | D:2      | Reached skill level 1 in Crossbows
  2043 | D:2      | Reached skill level 1 in Throwing
  2043 | D:2      | Reached skill level 1 in Armour
  2043 | D:2      | Reached skill level 1 in Stealth
  2043 | D:2      | Reached skill level 1 in Shields
  2043 | D:2      | Reached skill level 1 in Evocations
  2323 | D:2      | Reached XP level 4. HP: 34/34 MP: 11/11
  2493 | D:2      | Found a shimmering blue altar of Sif Muna.
  2547 | D:2      | Became a worshipper of Sif Muna the Loreminder
  2607 | D:2      | Learned a level 4 spell: Ice Form
  2717 | D:2      | Noticed Jessica
  2721 | D:2      | Killed Jessica
  2721 | D:2      | Reached skill level 1 in Conjurations
  2721 | D:2      | Reached skill level 1 in Hexes
  2721 | D:2      | Reached skill level 1 in Charms
  2721 | D:2      | Reached skill level 1 in Summonings
  2721 | D:2      | Reached skill level 1 in Necromancy
  2721 | D:2      | Reached skill level 1 in Translocations
  2721 | D:2      | Reached skill level 1 in Fire Magic
  2721 | D:2      | Reached skill level 1 in Ice Magic
  2721 | D:2      | Reached skill level 1 in Air Magic
  2721 | D:2      | Reached skill level 1 in Earth Magic
  2721 | D:2      | Reached skill level 1 in Poison Magic
  3233 | D:3      | Reached XP level 5. HP: 40/40 MP: 7/12
  4461 | D:4      | Reached * piety under Sif Muna
  4461 | D:4      | Reached XP level 6. HP: 43/47 MP: 5/13
  4641 | D:4      | Found a staircase to the Ecumenical Temple.
  4647 | D:4      | Reached skill level 5 in Dodging
  5022 | D:4      | Found Nofry's Antique Armour Shop.
  5296 | D:4      | Found a shattered altar of Ashenzari.
  5514 | Temple   | Entered the Ecumenical Temple
  5718 | D:4      | Learned a level 5 spell: Blade Hands
  5892 | D:5      | Entered Level 5 of the Dungeon
  5892 | D:5      | Found a glowing silver altar of Zin.
  5939 | D:5      | Reached XP level 7. HP: 49/52 MP: 13/15
  6116 | D:5      | HP: 3/62 [orc priest/divine providence (13)]
  6119 | D:5      | Slain by an orc priest

Illustrated notes

Levels and vault maps discovered:
D:1:      dpeg_arrival_renting, layout_basic, minmay_misc_feat_secret_circle
D:2:      layout_loops_cross, led_sif_pool, uniq_jessica
D:3:      layout_loops_corners, first_ration
D:4:      layout_basic, temple_fountains, serial_shops, shop,
          nicolae_ossuary_entry_ruins, nicolae_ashenzari_panopticon
D:5:      layout_basic, basic_altar, minmay_increasing_density
Temple:   eino_temple_scatter_basement

Skill      XL: |  1  2  3  4  5  6 |
---------------+-------------------+-----
Spellcasting   | 5 |  5.5
Invocations    | 1 2 |  2.5
Short Blades   | 1 2 |  2.2
Long Blades    | 1 2 |  2.2
Axes           | 1 2 |  2.2
Maces & Flails | 1 2 |  2.2
Polearms       | 1 2 |  2.2
Staves         | 1 2 |  2.2
Slings         | 1 2 |  2.2
Bows           | 1 2 |  2.2
Crossbows      | 1 2 |  2.2
Throwing       | 1 2 |  2.2
Armour         | 1 2 |  2.2
Stealth        | 1 2 |  2.2
Shields        | 1 2 |  2.2
Evocations     | 1 2 |  2.2
Conjurations   | 1 |  1.8
Hexes          | 1 |  1.8
Charms         | 1 |  1.8
Summonings     | 1 |  1.8
Necromancy     | 1 |  1.8
Translocations | 1 |  1.8
Fire Magic     | 1 |  1.8
Ice Magic      | 1 |  1.8
Air Magic      | 1 |  1.8
Earth Magic    | 1 |  1.8
Poison Magic   | 1 |  1.8
Fighting       | 3 |  3.4
Transmutations | 4 |  4.2
Dodging        | 5 |  5.1
Unarmed Combat | |  6.9

Action                   |  1- 3 |  4- 6 |  7- 9 || total
-------------------------+-------+-------+-------++-------
Melee: Short sword       |   104 |    55 |     3 ||   162
       Kick              |    14 |     7 |       ||    21
       Unarmed           |     6 |    80 |    10 ||    96
       Bite              |     9 |     5 |     1 ||    15
       Punch             |     2 |       |       ||     2
       Headbutt          |     1 |     1 |       ||     2
 Cast: Beastly Appendage |    19 |    10 |     1 ||    30
       Sticks to Snakes  |     3 |       |       ||     3
       Spider Form       |       |    11 |       ||    11
       Ice Form          |       |     4 |     1 ||     5
  Use: Scroll            |     5 |     4 |       ||     9
       Potion            |       |       |     1 ||     1
 Stab: Sleeping          |     4 |     1 |       ||     5
  Eat: Chunk             |     4 |    12 |       ||    16
       Ration            |       |     1 |       ||     1
Armor: Robe              |    23 |     8 |       ||    31
       Skin              |       |    16 |     5 ||    21
       Leather armour    |       |     2 |       ||     2
Dodge: Dodged            |    99 |   118 |    18 ||   235
